[Event "Titled Tuesday Blitz September 27 Early 2022"]
[White "Fiorito, Joaquin"]
[Black "Papasimakopoulos, Alexandros"]
[WhiteFideId "180173"]
[BlackFideId "4244125"]
[WhiteElo "1758"]
[BlackElo "2357"]
[Result "0-1"]
[Round "09"]
[TimeControl "180+1"]
[Date "2022.09.27"]
[WhiteClock "0:00:03"]
[BlackClock "0:00:13"]

1. d4 e6 2. e4 d5 3. Nd2 Nf6 4. e5 Nfd7 5. Ngf3 c5 6. c4 Nc6 7. cxd5 exd5 8. dxc5 Bxc5 9. Bd3 Ndxe5 10. Nxe5 Nxe5 11. Bb5+ Nc6 12. O-O O-O 13. Nb3 Bb6 14. Bf4 Qf6 15. Qd2 h6 16. Rac1 a6 17. Be2 Re8 18. Bf3 Be6 19. Bg3 Nd4 20. Nxd4 Qxd4 21. Qc2 Rac8 22. Qb3 Rxc1 23. Rxc1 Rd8 24. Rd1 Qc5 25. Qd3 Rc8 26. h3 Qc2 27. Qxc2 Rxc2 28. Bxd5 Bxd5 29. Rxd5 Rxb2 30. a4 Ra2 31. Rd7 Rxa4 32. Rxb7 Bd4 33. Rb8+ Kh7 34. Rb7 Kg6 35. h4 h5 36. Rd7 Bf6 37. Rd6 Kf5 38. Rd5+ Kg6 39. Rd6 Kh7 40. Rd7 Kg8 41. Ra7 Ra1+ 42. Kh2 Ra2 43. Ra8+ Kh7 44. Ra7 Kg6 45. Rb7 a5 46. Rb6 a4 47. Ra6 Kf5 48. Ra5+ Kg6 49. Ra6 Kh7 50. f3 a3 51. Bd6 Bb2 52. Ra7 Kg6 53. Ra6 f6 54. Ra7 Ra1 55. Bf8 Be5+ 56. Kh3 a2 57. f4 Bxf4 58. g3 Be5 59. Rxg7+ Kf5 60. Ra7 Rh1+ 61. Kg2 a1=Q 62. Rxa1 Rxa1 0-1


[Site "https://www.chess.com"]

[Event "Titled Tuesday Blitz September 27 Early 2022"]
[White "Flis, Pawel"]
[Black "Johnson, Ben"]
[WhiteFideId "1112864"]
[BlackFideId "2010917"]
[WhiteElo "1735"]
[BlackElo "2208"]
[Result "0-1"]
[Round "09"]
[TimeControl "180+1"]
[Date "2022.09.27"]
[WhiteClock "0:00:59"]
[BlackClock "0:00:51"]

1. Nf3 d5 2. g3 c6 3. Bg2 Bg4 4. O-O e6 5. d3 Bd6 6. c4 Nd7 7. cxd5 exd5 8. Nc3 Ngf6 9. Bg5 h6 10. Bd2 O-O 11. h3 Bh5 12. Qb3 Nc5 13. Qc2 Re8 14. Rfe1 Qd7 15. Kh2 Rac8 16. b4 Ne6 17. Qa4 b5 18. Qb3 Bxf3 19. Bxf3 Nd4 20. Qb2 Nxf3+ 21. exf3 h5 22. h4 Rxe1 23. Rxe1 Re8 24. Rxe8+ Qxe8 25. Be3 Qe7 26. Bd4 Bxb4 27. Bxf6 gxf6 28. Ne2 Bd6 29. Nd4 Qe5 30. Qc3 b4 31. Qxc6 Qxd4 32. Qxd6 Qxf2+ 33. Kh3 Qxf3 34. Qb8+ Kg7 35. Qxa7 Qh1# 0-1


[Site "https://www.chess.com"]

[Event "Titled Tuesday Blitz September 27 Early 2022"]
[White "Gabrielian, Artur"]
[Black "Shyaamnikhil P"]
[WhiteFideId "4131002"]
[BlackFideId "5024218"]
[WhiteElo "2467"]
[BlackElo "2273"]
[Result "1/2-1/2"]
[Round "09"]
[TimeControl "180+1"]
[Date "2022.09.27"]
[WhiteClock "0:00:21"]
[BlackClock "0:00:10"]

1. e4 e5 2. Nf3 Nc6 3. Bc4 Nf6 4. d3 h6 5. O-O d6 6. c3 Be7 7. Re1 O-O 8. a4 a5 9. Nbd2 Kh8 10. Nf1 Nd7 11. Ng3 Nb6 12. Bb3 Be6 13. Bc2 Bg4 14. h3 Bxf3 15. Qxf3 Bg5 16. Be3 Bxe3 17. fxe3 g6 18. Rf1 Qh4 19. Bb3 f6 20. Rf2 h5 21. Raf1 Kg7 22. Kh2 Ne7 23. d4 Qg5 24. Ne2 c6 25. g3 f5 26. Bc2 fxe4 27. Qxe4 Rxf2+ 28. Rxf2 Rf8 29. Rxf8 Kxf8 30. h4 Qf6 31. Kg2 Nc4 32. dxe5 Nxe5 33. Nf4 Nf5 34. Nxg6+ Qxg6 35. Qxf5+ Qxf5 36. Bxf5 Nc4 37. Bc8 b6 38. b3 Nxe3+ 39. Kf3 Nd5 40. c4 Ne7 41. Be6 Kg7 42. g4 Kf6 43. Bd7 hxg4+ 44. Kxg4 Ng6 45. Kg3 Ne5 46. Bg4 Nd3 47. Bd1 Nc5 48. Kf4 d5 49. cxd5 cxd5 50. Ke3 Ke5 51. h5 d4+ 52. Kd2 Kf6 53. Ke2 Kg5 54. Kf2 Kf5 55. Kf3 Kg5 56. Kf2 Kf5 57. Kg3 Kg5 58. Kg2 Kf5 59. Kf2 Kg5 60. Ke1 Kf5 61. Kd2 Kg5 62. Kc2 Kf5 63. Be2 Kg5 64. Bd1 Kf5 65. Kb2 Kg5 66. Ka3 Kf5 67. b4 axb4+ 68. Kxb4 Nxa4 69. Kxa4 Kf6 70. Kb5 Kg7 71. Kc4 Kh8 72. Kd3 Kg7 73. Ke4 Kh8 74. Kd3 Kg7 75. Bg4 Kh8 76. Bf5 Kg7 77. Bg6 Kh8 78. Kxd4 Kg7 79. Ke5 Kh8 80. Kf6 Kg8 81. Bf7+ Kh8 82. Kg5 Kh7 83. h6 Kh8 84. Kg6 b5 85. Bb3 b4 86. h7 1/2-1/2


[Site "https://www.chess.com"]

[Event "Titled Tuesday Blitz September 27 Early 2022"]
[White "Garv Gaur"]
[Black "Mirzoev, Azer"]
[WhiteFideId "45030839"]
[BlackFideId "13400304"]
[WhiteElo "1950"]
[BlackElo "2525"]
[Result "0-1"]
[Round "09"]
[TimeControl "180+1"]
[Date "2022.09.27"]
[WhiteClock "0:00:03"]
[BlackClock "0:00:12"]

1. d4 d5 2. Nf3 Bf5 3. c4 e6 4. g3 c6 5. Nc3 Nd7 6. Nh4 Bg4 7. Bg2 Be7 8. Nf3 Ngf6 9. O-O O-O 10. Nd2 Nb6 11. c5 Nbd7 12. b4 e5 13. Nb3 exd4 14. Qxd4 Re8 15. Bf4 Bh5 16. Rfe1 Nf8 17. Na5 Ne6 18. Qd2 Nxf4 19. Qxf4 Qb8 20. Qd2 Bg6 21. Rad1 a6 22. Na4 Qc7 23. Nb6 Rad8 24. Qf4 Qxf4 25. gxf4 Rb8 26. e3 Bd8 27. Nb3 Bc7 28. Nd4 h6 29. a4 Ne4 30. Rc1 Bh5 31. b5 axb5 32. axb5 Bxb6 33. cxb6 cxb5 34. Nxb5 Re6 35. Nc7 Rd6 36. Nxd5 Rxd5 37. Bxe4 Rd6 38. Rb1 Re6 39. Bd5 Rd6 40. e4 Bg6 41. Rec1 Rxd5 42. exd5 Bxb1 43. Rxb1 Rd8 44. Re1 Kf8 45. Rc1 Rxd5 46. Rc8+ Ke7 47. Kg2 Rd6 48. Rc7+ Rd7 49. Rc2 Ke6 50. Kf3 Rd6 51. f5+ Kf6 52. Rb2 Kxf5 53. Rb5+ Kf6 54. Ke4 Re6+ 55. Kf4 g5+ 56. Kg4 Re4+ 57. Kf3 Rf4+ 58. Kg3 Kg6 59. f3 Rd4 60. Rb3 f6 61. Rb5 h5 62. Rb3 h4+ 63. Kh3 Rd2 64. Rb5 Rf2 65. Kg4 Rxh2 66. f4 Rg2+ 67. Kf3 Rg3+ 68. Ke4 g4 69. f5+ Kg5 70. Rc5 Rb3 71. Rc7 Rb4+ 72. Kd5 Rxb6 73. Rh7 h3 74. Ke4 Rb4+ 75. Ke3 Kxf5 76. Kf2 Rb3 77. Rh5+ Kf4 78. Ra5 f5 79. Ra4+ Kg5 80. Ra5 Rb2+ 81. Kg3 Rg2# 0-1


[Site "https://www.chess.com"]

[Event "Titled Tuesday Blitz September 27 Early 2022"]
[White "Goncalves, Davi Sulzbacher"]
[Black "Matveeva, Olga"]
[WhiteFideId "2154510"]
[BlackFideId "24107018"]
[WhiteElo "2107"]
[BlackElo "2056"]
[Result "1-0"]
[Round "09"]
[TimeControl "180+1"]
[Date "2022.09.27"]
[WhiteClock "0:02:48"]
[BlackClock "0:02:08"]

1. b3 Nf6 2. Bb2 d5 3. d4 e6 4. Nd2 c5 5. e3 Nc6 6. Ngf3 a6 7. c3 cxd4 8. cxd4 Be7 9. Bd3 O-O 10. O-O b5 11. a4 bxa4 12. Rxa4 Qb6 13. Qa1 Bd7 14. Rxa6 Rxa6 15. Qxa6 Qxb3 16. Nxb3 1-0


[Site "https://www.chess.com"]

[Event "Titled Tuesday Blitz September 27 Early 2022"]
[White "Gracia Alvarez, Gerardo Antonio"]
[Black "Koridze, Lile"]
[WhiteFideId "5109124"]
[BlackFideId "13612514"]
[WhiteElo "2139"]
[BlackElo "2050"]
[Result "1-0"]
[Round "09"]
[TimeControl "180+1"]
[Date "2022.09.27"]
[WhiteClock "0:00:09"]
[BlackClock "0:01:35"]

1. d4 Nf6 2. Bf4 d5 3. Nf3 e6 4. e3 c6 5. Bd3 Bd6 6. Ne5 O-O 7. Nd2 b6 8. h4 Bb7 9. h5 h6 10. Qf3 c5 11. c3 Nc6 12. g4 Nh7 13. Qg3 Be7 14. Ndf3 Ng5 15. Bxg5 Bxg5 16. Nxg5 Qxg5 17. f4 Qe7 18. g5 Kh8 19. O-O-O hxg5 20. fxg5 Rac8 21. h6 g6 22. Bxg6 Nxe5 23. Qxe5+ f6 24. gxf6 Qxf6 25. Qxf6+ Rxf6 26. Bd3 Rg8 27. Rdf1 Rgf8 28. Rxf6 Rxf6 29. h7 Rf8 30. Rh6 Bc8 31. Kd2 Bd7 32. Ke2 c4 33. Bc2 Rf7 34. Rh2 Be8 35. Rf2 Kg7 36. Rxf7+ Bxf7 37. Kf3 Bh5+ 38. Kf4 Be2 39. Ke5 Bd3 40. Ba4 Kxh7 41. Kxe6 Be4 42. Bc6 Bb1 43. a3 Kg7 44. Bxd5 Bg6 45. Kd6 Kf8 46. Bxc4 Ke8 47. Bd5 Kd8 48. e4 Be8 49. e5 Bd7 50. e6 Ba4 51. e7+ Ke8 52. Bc6+ Bxc6 53. Kxc6 b5 54. Kxb5 Kxe7 55. Ka6 Kd6 56. Kxa7 Kd5 57. b4 Kc4 58. Kb6 Kxc3 59. d5 Kb3 60. d6 Kxa3 61. d7 Kxb4 62. d8=Q Kb3 63. Qd4 Kc2 64. Qe3 Kb1 65. Qd2 Ka1 66. Kb5 Kb1 67. Kb4 Ka1 68. Kb3 Kb1 69. Qb2# 1-0


[Site "https://www.chess.com"]

[Event "Titled Tuesday Blitz September 27 Early 2022"]
[White "Gu, Xiaobing"]
[Black "Bryakin, Mikhail"]
[WhiteFideId "8602611"]
[BlackFideId "4165314"]
[WhiteElo "2174"]
[BlackElo "2357"]
[Result "1-0"]
[Round "09"]
[TimeControl "180+1"]
[Date "2022.09.27"]
[WhiteClock "0:01:22"]
[BlackClock "0:02:19"]

1. e4 d5 2. exd5 Qxd5 3. Nc3 Qe5+ 4. Qe2 Qxe2+ 5. Bxe2 Bf5 6. d3 c6 7. Nf3 Nd7 8. Bf4 e6 9. O-O-O Ngf6 10. h3 h6 11. Rhe1 O-O-O 12. Ne5 Nxe5 13. Bxe5 Nd7 14. Bg3 Bb4 15. Bf3 Nf6 16. a3 Bd6 17. Ne4 Bxe4 18. dxe4 Bxg3 19. fxg3 Rd2 20. Rxd2 e5 21. Red1 Kc7 22. g4 Re8 23. h4 Re7 24. g5 hxg5 25. hxg5 Nh7 26. Bg4 Nf8 27. Rd8 Ne6 28. Bxe6 1-0


[Site "https://www.chess.com"]

[Event "Titled Tuesday Blitz September 27 Early 2022"]
[White "Guerrero Olmos, Sergio"]
[Black "Rivas Garcia, Victor"]
[WhiteFideId "2257238"]
[BlackFideId "2217740"]
[WhiteElo "2259"]
[BlackElo "2326"]
[Result "1-0"]
[Round "09"]
[TimeControl "180+1"]
[Date "2022.09.27"]
[WhiteClock "0:00:29"]
[BlackClock "0:00:27"]

1. d4 f5 2. Nf3 Nf6 3. Bf4 d6 4. e3 g6 5. Be2 Bg7 6. h3 O-O 7. c4 e6 8. Nc3 Qe7 9. O-O b6 10. Rc1 Bb7 11. b4 Nbd7 12. Bh2 a5 13. a3 axb4 14. axb4 Ne4 15. Nb5 Ndf6 16. c5 dxc5 17. bxc5 Nd5 18. Qb3 Kh8 19. cxb6 cxb6 20. Nc7 Rac8 21. Nxd5 Bxd5 22. Qxb6 Rxc1 23. Rxc1 Qa3 24. Qc7 h6 25. Be5 Rg8 26. Bb5 g5 27. Be8 g4 28. Bg6 Qf8 29. Nh4 gxh3 30. Bf7 Kh7 31. Bxg8+ Qxg8 32. Bxg7 Qxg7 33. Qxg7+ Kxg7 34. gxh3 Ng5 35. Kh2 Nf3+ 36. Nxf3 Bxf3 37. Kg3 Bd5 38. Kf4 Kf6 39. Rg1 Bc6 40. h4 Be8 41. f3 Bf7 42. e4 fxe4 43. fxe4 Be8 44. e5+ Kf7 45. h5 Ke7 46. Rg7+ 1-0


[Site "https://www.chess.com"]

[Event "Titled Tuesday Blitz September 27 Early 2022"]
[White "Gulevich, Artem"]
[Black "Odegov, Artem"]
[WhiteFideId "24119580"]
[BlackFideId "34183644"]
[WhiteElo "2218"]
[BlackElo "2286"]
[Result "0-1"]
[Round "09"]
[TimeControl "180+1"]
[Date "2022.09.27"]
[WhiteClock "0:00:05"]
[BlackClock "0:01:31"]

1. Nf3 d5 2. b3 Bf5 3. Bb2 e6 4. e3 h6 5. Be2 Nf6 6. O-O Be7 7. d4 O-O 8. Nbd2 Nbd7 9. c4 c6 10. a3 Bh7 11. b4 a5 12. b5 cxb5 13. cxd5 Nxd5 14. Bxb5 Rc8 15. Rc1 Rxc1 16. Qxc1 N7f6 17. Qa1 Qb6 18. a4 Rc8 19. Rc1 Rxc1+ 20. Qxc1 Qc7 21. Qxc7 Nxc7 22. Bc4 Bb4 23. Kf1 Bc2 24. Bb3 Bxb3 25. Nxb3 b5 26. axb5 Nxb5 27. Ke2 a4 28. Nc1 a3 29. Ba1 Bc3 30. Bxc3 Nxc3+ 31. Kd3 a2 32. Nb3 Ncd5 33. Nfd2 Ng4 34. Ne4 f5 35. Nc3 Nxf2+ 36. Ke2 Nxc3+ 37. Kxf2 Ne4+ 38. Ke2 g5 39. Kd3 Kf7 40. Kc2 h5 41. Kb2 Nf2 42. Kxa2 Nd1 0-1


[Site "https://www.chess.com"]

[Event "Titled Tuesday Blitz September 27 Early 2022"]
[White "Hardaway, Brewington"]
[Black "Kosakowski, Jakub"]
[WhiteFideId "30941849"]
[BlackFideId "1185080"]
[WhiteElo "1813"]
[BlackElo "2453"]
[Result "0-1"]
[Round "09"]
[TimeControl "180+1"]
[Date "2022.09.27"]
[WhiteClock "0:01:27"]
[BlackClock "0:01:32"]

1. c4 c5 2. Nf3 Nc6 3. b3 e5 4. Nc3 Nf6 5. d3 d5 6. cxd5 Nxd5 7. Bb2 f6 8. g4 Bxg4 9. Bg2 Nf4 10. Bf1 Bxf3 11. exf3 Be7 12. Qd2 Nd4 13. O-O-O O-O 14. Qe3 b5 15. Rg1 a5 16. h4 a4 17. bxa4 b4 18. Ne4 Rxa4 19. h5 Rxa2 20. h6 g6 21. Nd2 Qd5 22. Nc4 Rfa8 23. Rg3 Qd7 24. Rd2 Qa4 0-1


[Site "https://www.chess.com"]

[Event "Titled Tuesday Blitz September 27 Early 2022"]
[White "Harish, Neeraj"]
[Black "Zaksaite, Salomeja"]
[WhiteFideId "30958130"]
[BlackFideId "12801496"]
[WhiteElo "1574"]
[BlackElo "1953"]
[Result "0-1"]
[Round "09"]
[TimeControl "180+1"]
[Date "2022.09.27"]
[WhiteClock "0:00:04"]
[BlackClock "0:00:01"]

1. e4 c5 2. Nf3 e6 3. d4 cxd4 4. Nxd4 Nf6 5. Nc3 Nc6 6. Ndb5 d6 7. Bf4 e5 8. Bg5 a6 9. Na3 b5 10. Nd5 Be7 11. Bxf6 Bxf6 12. c4 b4 13. Nc2 O-O 14. h4 Rb8 15. b3 g6 16. g3 Bg7 17. Nce3 Be6 18. Qd3 a5 19. Bh3 Rb7 20. Rd1 Nb8 21. h5 Na6 22. Bg2 Nc5 23. Qd2 Qb8 24. h6 Bh8 25. O-O a4 26. Qc2 axb3 27. axb3 f5 28. exf5 gxf5 29. Rfe1 e4 30. Nf4 Bf7 31. Nxf5 Be5 32. Bxe4 Nxe4 33. Qxe4 Bg6 34. Nxg6 hxg6 35. Nh4 Qa7 36. Qxg6+ Kh8 37. Re2 Rg8 38. Qe4 Rxg3+ 39. Kf1 Rg5 40. Ng6+ Kg8 41. Nxe5 dxe5 42. Rd8+ Kf7 43. Qd5+ Kf6 44. Rf8+ Kg6 45. Qg8+ Kh5 46. Qd5 Qa1+ 47. Re1 Qc3 48. Qh1+ Kg6 49. Qe4+ Kh5 0-1


[Site "https://www.chess.com"]

[Event "Titled Tuesday Blitz September 27 Early 2022"]
[White "Harsh Suresh"]
[Black "Sukandar, Irine Kharisma"]
[WhiteFideId "45018464"]
[BlackFideId "7101937"]
[WhiteElo "2070"]
[BlackElo "2284"]
[Result "1-0"]
[Round "09"]
[TimeControl "180+1"]
[Date "2022.09.27"]
[WhiteClock "0:00:05"]
[BlackClock "0:00:01"]

1. e4 e5 2. Nf3 Nc6 3. Bc4 Bc5 4. O-O Nf6 5. d4 Bxd4 6. Nxd4 Nxd4 7. f4 Qe7 8. Kh1 d6 9. fxe5 dxe5 10. Bg5 Ne6 11. Bxf6 gxf6 12. Nc3 c6 13. Qf3 Nf4 14. g3 Be6 15. Bb3 Ng6 16. Qxf6 Qxf6 17. Rxf6 Ke7 18. Raf1 Nf4 19. Bxe6 fxe6 20. Rh6 Ng6 21. Kg2 Raf8 22. Rxf8 Kxf8 23. Kf2 Kg7 24. Rh5 Rf8+ 25. Ke2 b5 26. Nd1 a5 27. Ne3 Rf4 28. Rxe5 Rh4 29. Rxe6 Rxh2+ 30. Kd1 Rh3 31. Rxc6 Ne5 32. Re6 Nf3 33. c3 b4 34. Ra6 bxc3 35. bxc3 Rh2 36. Rxa5 Rd2+ 37. Kc1 Re2 38. Nf5+ Kg6 39. Nd4 Re1+ 40. Kc2 Ng5 41. Ra6+ Kh5 42. Ra5 Kg6 43. e5 Ne4 44. e6 Re3 45. Ra6 Nxg3 46. Kb2 1-0


[Site "https://www.chess.com"]

[Event "Titled Tuesday Blitz September 27 Early 2022"]
[White "Heinemann, Josefine"]
[Black "Malyi, Viacheslav"]
[WhiteFideId "12900460"]
[BlackFideId "14123983"]
[WhiteElo "2300"]
[BlackElo "2190"]
[Result "1/2-1/2"]
[Round "09"]
[TimeControl "180+1"]
[Date "2022.09.27"]
[WhiteClock "0:00:33"]
[BlackClock "0:00:31"]

1. Nf3 Nf6 2. c4 c5 3. g3 g6 4. Bg2 Bg7 5. Nc3 O-O 6. O-O Nc6 7. Rb1 d5 8. cxd5 Nxd5 9. Nxd5 Qxd5 10. a3 a5 11. d3 b6 12. Be3 Bb7 13. Nd2 Qd7 14. Nc4 Qc7 15. Qa4 Nd4 16. Bxd4 Bxd4 17. Bxb7 Qxb7 18. Qb5 Rab8 19. b4 cxb4 20. axb4 axb4 21. Rxb4 Bc5 22. Rb3 Qc8 23. e3 Rd8 24. d4 Bd6 25. Nxb6 Qh3 26. Rfb1 h5 27. Qf1 Qf5 28. Nc4 Rxb3 29. Rxb3 Bb8 30. Ne5 Bxe5 31. dxe5 Qxe5 32. Rd3 Rc8 33. h4 Qc5 34. Qd1 Qc1 35. Qxc1 Rxc1+ 36. Kg2 Rc7 37. Rd8+ Kg7 38. Rd5 e6 39. Ra5 Rb7 40. Rc5 Rd7 41. Rb5 Rd2 42. Ra5 Rb2 43. Rc5 Ra2 44. Rb5 Kf6 45. Rc5 Ra7 46. Rb5 Rd7 47. Ra5 Rc7 48. Rb5 Rc1 49. Ra5 Rd1 50. Rb5 Rd8 51. Ra5 Rh8 52. Rb5 Rg8 53. Ra5 Rf8 54. Rb5 Ra8 55. Rc5 Ra4 56. Rb5 Ra3 57. Rc5 Rb3 58. Ra5 Rb7 59. Rc5 Ke7 60. Ra5 Kd6 61. Kf3 Rc7 62. Rb5 Kc6 63. Ra5 Kd6 64. Rb5 Ra7 65. Kg2 Kc6 66. Rb8 Kd6 67. Rb5 Rc7 68. Kf3 1/2-1/2


[Site "https://www.chess.com"]

[Event "Titled Tuesday Blitz September 27 Early 2022"]
[White "Ismayil, Malak"]
[Black "Lauridsen, Jesper Morch"]
[WhiteFideId "13412604"]
[BlackFideId "1401890"]
[WhiteElo "1879"]
[BlackElo "2258"]
[Result "0-1"]
[Round "09"]
[TimeControl "180+1"]
[Date "2022.09.27"]
[WhiteClock "0:00:34"]
[BlackClock "0:00:15"]

1. e4 c5 2. Nf3 e6 3. Nc3 Nc6 4. Be2 b6 5. O-O Bb7 6. d3 d6 7. Bf4 Nf6 8. Bg3 Be7 9. Re1 Nh5 10. d4 Nxg3 11. hxg3 cxd4 12. Nxd4 Nxd4 13. Qxd4 O-O 14. Rad1 Bf6 15. Qxd6 Qxd6 16. Rxd6 Bxc3 17. bxc3 Bxe4 18. Bd3 Bxd3 19. cxd3 Rfd8 20. Rxd8+ Rxd8 21. d4 Rc8 22. Re3 Kf8 23. Kf1 Rc4 24. Ke1 Ra4 25. Re2 Ra3 26. Rc2 Ke7 27. Kd2 b5 28. Rb2 a6 29. f3 Kd6 30. Kd3 Kc6 31. g4 g5 32. g3 a5 33. Rh2 b4 34. Rxh7 Rxc3+ 35. Ke4 f5+ 36. gxf5 exf5+ 37. Kxf5 Rxf3+ 38. Kg4 Rf2 39. Kxg5 Rxa2 40. Rh8 Rd2 41. Rd8 b3 42. g4 b2 43. Rb8 a4 44. Kh6 a3 45. g5 Rxd4 46. g6 Rh4+ 47. Kg5 Rh1 48. g7 b1=Q 49. Rc8+ Kd7 50. g8=Q Rg1+ 51. Kh6 Rxg8 52. Rxg8 Qh1+ 53. Kg6 Qg2+ 54. Kh7 Qxg8+ 55. Kxg8 a2 56. Kf7 a1=Q 0-1


[Site "https://www.chess.com"]

[Event "Titled Tuesday Blitz September 27 Early 2022"]
[White "Jakubowski, Krzysztof"]
[Black "Bartel, Michal"]
[WhiteFideId "1112848"]
[BlackFideId "1119257"]
[WhiteElo "2306"]
[BlackElo "2274"]
[Result "0-1"]
[Round "09"]
[TimeControl "180+1"]
[Date "2022.09.27"]
[WhiteClock "0:00:01"]
[BlackClock "0:00:19"]

1. e4 e5 2. Nc3 Nf6 3. g3 d5 4. exd5 Nxd5 5. Bg2 Nxc3 6. bxc3 Bd6 7. Nf3 O-O 8. O-O c6 9. Re1 Qc7 10. d3 Bg4 11. h3 Bh5 12. g4 Bg6 13. Nh4 Nd7 14. Be3 Rad8 15. Qf3 Qa5 16. Bd2 Qa4 17. Qd1 Nc5 18. Qb1 Rd7 19. Qb2 Bxd3 20. cxd3 Nxd3 21. Qb3 Qxb3 22. axb3 Nxe1 23. Bxe1 Bb8 24. Nf5 Rfd8 25. Kf1 Rd1 26. Ra3 Rc1 27. Bf3 a6 28. b4 Rd3 29. Ke2 Rxf3 30. Kxf3 Rxe1 31. c4 Rd1 32. c5 g6 33. Ne3 Rd4 34. Rb3 f6 35. Nc2 Rd2 36. Na3 Rd4 37. Nc2 Rf4+ 38. Ke2 f5 39. Ne3 Kf7 40. f3 e4 41. fxe4 Rxe4 42. gxf5 gxf5 43. Kd3 Rf4 44. Rb1 Rf3 45. Ke2 Rxh3 46. Nxf5 Rh5 47. Nd4 Re5+ 48. Kd3 Rd5 49. Kc4 Be5 50. Nb3 Kg6 51. Na5 h5 52. Nxb7 Rd4+ 53. Kb3 h4 54. Rh1 Bg3 55. Na5 Rd3+ 56. Ka4 Kg5 57. Nxc6 Kg4 58. Ka5 Ra3+ 59. Kb6 h3 60. Na5 Ra4 61. Kxa6 Rxb4 62. c6 Ra4 63. Kb5 Ra2 64. Nc4 h2 65. Kb6 Rc2 0-1


[Site "https://www.chess.com"]

[Event "Titled Tuesday Blitz September 27 Early 2022"]
[White "Jaskolka, Tomasz"]
[Black "Bilych, Olexiy"]
[WhiteFideId "1170791"]
[BlackFideId "14156504"]
[WhiteElo "2073"]
[BlackElo "2157"]
[Result "0-1"]
[Round "09"]
[TimeControl "180+1"]
[Date "2022.09.27"]
[WhiteClock "0:00:14"]
[BlackClock "0:00:20"]

1. d4 Nf6 2. c4 g6 3. g3 Bg7 4. Bg2 O-O 5. Nc3 d6 6. Nf3 Nc6 7. d5 Na5 8. b3 Ne4 9. Nxe4 Bxa1 10. Bh6 Bg7 11. Bxg7 Kxg7 12. h4 h5 13. Qd2 c5 14. Nfg5 f6 15. Nh3 Bxh3 16. Bxh3 b5 17. g4 bxc4 18. gxh5 Qb6 19. Rg1 Qb4 20. Rxg6+ Kf7 21. Nc3 Ke8 22. Rg7 cxb3 23. Qe3 Qb7 24. Ne4 Kd8 25. Nxc5 dxc5 26. d6 Nc6 27. axb3 Re8 28. Qe6 Nd4 29. dxe7+ Kc7 30. Qc4 Qb4+ 31. Qxb4 cxb4 32. h6 Kd6 33. h7 Rh8 34. e3 Nc6 35. Bf5 Nxe7 36. Bd3 Raf8 37. h5 f5 38. h6 Ke6 39. Bc4+ Kf6 40. f4 Ng6 41. Kf2 Ne7 42. Kf3 a5 43. e4 fxe4+ 44. Kxe4 Nf5 45. Rg8 Nxh6 46. Rxf8+ Rxf8 47. Kd4 Nf5+ 48. Kc5 Rh8 49. Bg8 Ne7 50. Kb5 Nxg8 51. hxg8=Q Rxg8 52. Kxa5 Rb8 53. Ka6 Kf5 54. Ka7 Re8 55. Ka6 Kxf4 56. Ka5 Re4 57. Ka4 Ke3 58. Ka5 Kd3 59. Ka4 Kc3 60. Kb5 Kxb3 61. Ka5 Rc4 62. Kb5 Kc3 63. Ka4 b3+ 64. Ka3 b2 65. Ka2 Ra4+ 66. Kb1 Ra1# 0-1


[Site "https://www.chess.com"]

[Event "Titled Tuesday Blitz September 27 Early 2022"]
[White "Jeet, Jain"]
[Black "Jovic, Stanoje"]
[WhiteFideId "5073022"]
[BlackFideId "905020"]
[WhiteElo "2055"]
[BlackElo "2238"]
[Result "1-0"]
[Round "09"]
[TimeControl "180+1"]
[Date "2022.09.27"]
[WhiteClock "0:00:21"]
[BlackClock "0:00:06"]

1. d4 Nf6 2. Nf3 e6 3. Bf4 d5 4. e3 Bd6 5. Bg3 O-O 6. c3 b6 7. Nbd2 c5 8. Bd3 Ba6 9. Bxa6 Nxa6 10. Qe2 Nc7 11. Ne5 Bxe5 12. Bxe5 c4 13. h4 b5 14. h5 h6 15. g4 Ne4 16. Nxe4 dxe4 17. Qc2 f5 18. gxf5 exf5 19. Rg1 Rf7 20. O-O-O Nd5 21. Rg6 Ne7 22. Rg3 Nc6 23. Bf4 a5 24. d5 Ne7 25. d6 Nc6 26. Bxh6 Ne5 27. Rdg1 Nd3+ 28. Kb1 Qxd6 29. Bxg7 Kh7 30. Rg6 Rxg7 31. Rxg7+ Kh8 32. R7g6 Qf8 33. Qe2 Ra7 34. Qf1 Ne5 35. Rg8+ Qxg8 36. Rxg8+ Kxg8 37. Qg2+ Rg7 38. Qh2 Nf3 39. Qb8+ Kh7 40. a3 Rg1+ 41. Ka2 Nd2 42. Qxb5 Kh6 43. Qxf5 a4 44. Qf4+ Kh7 45. Qf7+ Kh6 46. Qf6+ Kh7 47. Qe7+ Kh6 48. Qf8+ Kh7 49. Qe7+ Kh6 50. Qe6+ Kh7 51. Qd7+ Kh6 52. Qxa4 Kxh5 53. Qb5+ Kg4 54. a4 Kf3 55. a5 Ke2 56. a6 Kd3 57. Qd5+ Kc2 58. a7 Nb3 59. Qxe4+ Kd2 60. Qxc4 Kc2 61. Qxb3+ Kd2 62. a8=Q 1-0


[Site "https://www.chess.com"]

[Event "Titled Tuesday Blitz September 27 Early 2022"]
[White "Khamdamova, Afruza"]
[Black "Martin Duque, Jesus"]
[WhiteFideId "14210444"]
[BlackFideId "2208954"]
[WhiteElo "1668"]
[BlackElo "2258"]
[Result "0-1"]
[Round "09"]
[TimeControl "180+1"]
[Date "2022.09.27"]
[WhiteClock "0:00:03"]
[BlackClock "0:00:31"]

1. e4 c5 2. Nf3 b6 3. d4 cxd4 4. Nxd4 Bb7 5. Nc3 a6 6. Be2 e6 7. O-O Qc7 8. Be3 Nf6 9. Qd3 Nc6 10. Nxc6 Bxc6 11. f4 Bb4 12. Bf3 O-O 13. e5 Bxf3 14. Rxf3 Bxc3 15. Qxc3 Qxc3 16. bxc3 Ne4 17. Bxb6 Rfc8 18. Bd4 Rab8 19. Re3 d5 20. exd6 Nxd6 21. a4 Nc4 22. Rg3 g6 23. h4 h5 24. Rg5 Rb2 25. Rc1 Ra2 26. g4 hxg4 27. h5 Rxa4 28. hxg6 Ra5 29. Rxg4 Nd2 30. gxf7+ Kxf7 31. Rg7+ Kf8 32. Rh7 Rc4 33. Kf2 Ne4+ 34. Ke3 Nd6 35. Rg1 Nf5+ 36. Kd3 Rc6 37. Be5 Rd5+ 38. Ke2 Rc4 39. Rg6 Re4+ 40. Kf3 Re3+ 41. Kf2 Rd2+ 42. Kf1 Ng3+ 43. Rxg3 Rxg3 44. Ra7 Rh3 45. Kg1 Rxc2 46. Rxa6 Rd3 47. Ra1 Kf7 48. Kf1 Kg6 49. Ke1 Kf5 50. Ra7 Rh3 51. Kd1 Rg2 52. Rf7+ Ke4 0-1


[Site "https://www.chess.com"]

[Event "Titled Tuesday Blitz September 27 Early 2022"]
[White "Kovacevic, Radmila"]
[Black "Neal, James"]
[WhiteFideId "933171"]
[BlackFideId "2089300"]
[WhiteElo "2208"]
[BlackElo "2059"]
[Result "1-0"]
[Round "09"]
[TimeControl "180+1"]
[Date "2022.09.27"]
[WhiteClock "0:01:08"]
[BlackClock "0:00:03"]

1. e4 e6 2. d4 d5 3. e5 c5 4. c3 Nc6 5. Nf3 Nh6 6. Bd3 f6 7. Bxh6 gxh6 8. Nh4 fxe5 9. Qh5+ Kd7 10. dxe5 c4 11. Be2 Qg5 12. f4 Qxf4 13. Rf1 Qc1+ 14. Kf2 Bc5+ 15. Kg3 Qg5+ 16. Qxg5 hxg5 17. Nf3 Be3 18. h3 Bf4+ 19. Kf2 Nxe5 20. Nxe5+ Bxe5 21. Nd2 h6 22. Nf3 Bd6 23. Rad1 Rf8 24. Kg1 Ke7 25. Kh1 Bd7 26. b4 Be8 27. Nd4 Bg6 28. Nb5 a6 29. Rxf8 Rxf8 30. Nxd6 Kxd6 31. Bxc4 Rc8 32. Bd3 Bxd3 33. Rxd3 e5 34. Kg1 e4 35. Re3 Ke5 36. Kf2 Rc4 37. a3 d4 38. cxd4+ Rxd4 39. Kg3 Rd3 40. Kf2 Kd4 41. Re2 Rxa3 42. Rd2+ Ke5 43. Ke2 1-0


[Site "https://www.chess.com"]

[Event "Titled Tuesday Blitz September 27 Early 2022"]
[White "Kravtsiv, Martyn"]
[Black "Kollars, Dmitrij"]
[WhiteFideId "14113147"]
[BlackFideId "12909572"]
[WhiteElo "2694"]
[BlackElo "2584"]
[Result "0-1"]
[Round "09"]
[TimeControl "180+1"]
[Date "2022.09.27"]
[WhiteClock "0:00:08"]
[BlackClock "0:00:16"]

1. e4 e5 2. Nf3 Nc6 3. Nc3 Nf6 4. a4 Be7 5. d4 exd4 6. Nxd4 O-O 7. Nxc6 bxc6 8. Bd3 d5 9. O-O Bg4 10. Qd2 Re8 11. e5 Nd7 12. h3 Be6 13. f4 f5 14. Qf2 c5 15. Bb5 d4 16. Ne2 Bd5 17. Ng3 c6 18. Bd3 g6 19. Qe2 Nf8 20. c4 Bf7 21. Bd2 Rb8 22. Rab1 Rb3 23. Be1 Qc8 24. Rf3 Qa6 25. Kh2 Rxd3 26. Qxd3 Bxc4 27. Qc2 Bd5 28. Rf2 Ne6 29. b3 Bh4 30. Qd2 Rb8 31. Rf1 c4 32. bxc4 Rxb1 33. cxd5 cxd5 34. Rg1 Qxa4 35. Nxf5 Bxe1 36. Rxe1 Rxe1 37. Nh6+ Kg7 38. Qxe1 d3 39. Qh4 Qxf4+ 40. Qxf4 Nxf4 0-1


[Site "https://www.chess.com"]